 Dungeon Crawl Stone Soup version 0.18.1-50-g88ac8fd (webtiles) character file.

83 Gaplan the Sneak (level 4, -2/27 HPs)
             Began as a Kobold Assassin on Oct 21, 2016.
             Slain by Crazy Yiuf
             ... wielding a +4 quarterstaff of chaos
              (10 damage)
             ... on level 2 of the Dungeon.
             The game lasted 00:04:56 (2060 turns).

Gaplan the Sneak (Kobold Assassin)                  Turns: 2060, Time: 00:04:56

Health: -2/27      AC:  3    Str:  9    XL:     4   Next: 71%
Magic:  4/4        EV: 10    Int: 11    God:
Gold:   86         SH:  0    Dex: 18    Spells: 0 memorised, 3 levels left

rFire  . . .     SeeInvis .     a - +2 dagger
rCold  . . .     Gourm    .     c - +0 robe
rNeg   . . .     Faith    .     (shield restricted)
rPois  .         Spirit   .     (no helmet)
rElec  .         Dismiss  .     d - +0 cloak
rCorr  .         Reflect  .     (no gloves)
SustAt .         Harm     .     (no boots)
MR     .....                    (no amulet)
Stlth  ++++......               (no ring)
                                k - +2 ring of intelligence

@: not resistant to hostile enchantments, stealthy
A: carnivore 3
a: no special abilities


You were on level 2 of the Dungeon.
You were very full.

You visited 1 branch of the dungeon, and saw 2 of its levels.

You collected 86 gold pieces.

Inventory:

Hand Weapons
 a - a +2 dagger (weapon)
 b - a +0 blowgun
Missiles
 e - 8 poisoned needles
 f - 2 curare-tipped needles
 l - 5 needles of sleeping
Armour
 c - a +0 robe (worn)
 d - a +0 cloak (worn)
Jewellery
 k - a +2 ring of intelligence (left hand)
 m - an uncursed ring of flight {unknown}
Scrolls
 h - a scroll of immolation {unknown}
 i - a scroll of random uselessness {unknown}
 j - 2 scrolls of teleportation {unknown}
 n - a scroll of noise {unknown}
Potions
 p - a potion of curing
Comestibles
 g - 2 meat rations
 o - a slice of pizza


   Skills:
 + Level 2.5 Fighting
 + Level 3.3 Short Blades
 - Level 2.1 Throwing
 + Level 2.3 Dodging
 + Level 7.0 Stealth


You had 3 spell levels left.
You didn't know any spells.

Dungeon Overview and Level Annotations

Branches:
Dungeon (2/15)

Altars:
Cheibriados

Annotations:
D:2 Crazy Yiuf


Innate Abilities, Weirdness & Mutations

You are small and have problems with some larger weapons.
You are carnivorous and can eat meat at any time.


Message History

You hit Crazy Yiuf.
Crazy Yiuf is moderately wounded.
Crazy Yiuf hits you with a quarterstaff of chaos!
You hit Crazy Yiuf.
Crazy Yiuf is heavily wounded.
Crazy Yiuf says, "Cards!
Adder senile canine."
Crazy Yiuf drinks a potion.
Crazy Yiuf is healed!
You barely miss Crazy Yiuf.
Crazy Yiuf is lightly wounded.
You closely miss Crazy Yiuf.
Crazy Yiuf is lightly wounded.
Crazy Yiuf hits you with a quarterstaff of chaos!
Crazy Yiuf burns you.
* * * LOW HITPOINT WARNING * * *
Crazy Yiuf screams, "Fire horse sanguine!"
Crazy Yiuf cries, "Key!
Gum pontify sing."
Crazy Yiuf laughs, "Two!"
There is an escape hatch in the floor here.
Crazy Yiuf hits you with a quarterstaff of chaos!
You die...

>..#
.#################
.................#
.###############.#
.# #.# .# #.# .#
#.# .# #.# .# #@#
.# ######g# .#
##...##.# .######
#.......# ......#
#....#### '######
#....# .....#
♣..♣.♣ .....#
♣♣...♣ .....#
♣♣.♣♣


You could see Crazy Yiuf.

Vanquished Creatures
  Jessica (D:2)
  2 adders (D:2)
  An ooze (D:1)
  2 dart slugs
  A giant gecko (D:2)
  2 giant cockroaches (D:2)
  3 hobgoblins
  A quokka (D:2)
  A ball python (D:1)
  7 bats
  4 giant newts
  5 goblins (D:1)
  4 rats
34 creatures vanquished.

Notes
Turn   | Place    | Note
--------------------------------------------------------------
     0 | D:1      | Gaplan the Kobold Assassin began the quest for the Orb.
     0 | D:1      | Reached XP level 1. HP: 12/12 MP: 1/1
   333 | D:1      | Reached XP level 2. HP: 16/17 MP: 2/2
  1023 | D:1      | Reached skill level 6 in Stealth
  1167 | D:1      | Reached XP level 3. HP: 21/21 MP: 3/3
  1449 | D:2      | Noticed Jessica
  1458 | D:2      | Killed Jessica
  1458 | D:2      | Reached XP level 4. HP: 27/27 MP: 4/4
  1619 | D:2      | Reached skill level 7 in Stealth
  1879 | D:2      | Found a snail-covered altar of Cheibriados.
  2038 | D:2      | Noticed Crazy Yiuf
  2060 | D:2      | Slain by Crazy Yiuf

Skill      XL: |  1  2  3  4 |
---------------+-------------+-----
Short Blades   | 3 |  3.3
Stealth        | 6 7 |  7.0
Dodging        | 2 |  2.3
Fighting       | |  2.5
Throwing       | |  2.1

Action                   |  1- 3 |  4- 6 || total
-------------------------+-------+-------++-------
Melee: Dagger            |    55 |    44 ||    99
 Stab: Sleeping          |     9 |     6 ||    15
  Eat: Chunk             |    10 |     1 ||    11
Armor: Robe              |     9 |     9 ||    18
Dodge: Dodged            |    28 |    25 ||    53
